Map: Deathaura LE

Players

apathy - Winner!

  • Race: Zerg Zerg
  • Spawn Location: 5:00

redbusman

  • Race: Terran Terran
  • League: Silver
  • Spawn Location: 11:00

VOD

Have the link to the VOD?

Description

Time

  • Played on: July 21, 2020, 11:36 p.m.
  • Length: 11:16
Show
View Real Time Build Order
Export as new Build Order

apathy Zerg - Winner!

Build Orders: Hatch First 

Get SALT Encoding   

  12  0:01  Drone  
  13  0:12  Overlord  
  13  0:16  Drone  
  14  0:31  Drone x2  
  16  0:49  Hatchery  
  15  0:53  Drone  
  17  0:57  Drone  
  17  0:59  Drone  
  18  1:11  Extractor  
  18  1:15  Spawning Pool  
  16  1:18  Drone  
  16  1:22  Drone  
  18  1:28  Drone  
  19  1:40  Drone  
  20  1:49  Drone  
  21  2:01  Overlord  
  21  2:03  Drone  
  21  2:05  Queen  
  21  2:06  Queen  
  26  2:12  Zergling x2  
  26  2:13  Zergling x2  
  28  2:22  Drone  
  29  2:26  Metabolic Boost  
  29  2:29  Drone  
  30  2:34  Drone x2  
  32  2:44  Drone x2  
  32  2:45  Queen  
  36  3:04  Overlord x2  
  35  3:22  Queen  
  37  3:38  Zergling x6  
  40  3:41  Drone x4  
  40  3:42  Overlord  
  40  3:43  Overlord x2  
  40  3:48  Hatchery  
  43  3:52  Drone  
  43  3:55  Spine Crawler  
  43  4:01  Baneling Nest  
  42  4:03  Lair  
  42  4:06  Drone x5  
  47  4:14  Extractor  
  47  4:15  Roach Warren  
  43  4:17  Evolution Chamber, Extractor  
  43  4:18  Zergling x2  
  43  4:19  Zergling x2  
  43  4:22  Zergling x2  
  44  4:25  Drone x2  
  46  4:34  Zergling x2  
  46  4:35  Zergling x2  
  48  4:57  Zerg Missile Weapons Level 1  
  48  5:00  Roach x3  
  48  5:04  Roach  
  56  5:10  Drone x3  
  56  5:11  Extractor  
  58  5:15  Queen x3  
  58  5:18  Overlord  
  58  5:20  Drone  
  65  5:26  Drone x2  
  67  5:28  Drone  
  68  5:38  Roach x2, Extractor  
  68  5:41  Extractor  
  70  5:47  Roach x3  
  76  6:04  Roach x3  
  82  6:10  Overlord x2  
  82  6:26  Overlord x3  
  82  6:54  Drone x12  
  93  7:03  Ravager x7  
  93  7:05  Baneling x2  
  93  7:06  Baneling  
  100  7:15  Zerg Missile Weapons Level 2  
  100  7:17  Glial Reconstitution  
  100  7:22  Drone x2  
  102  7:28  Drone x3  
  102  7:29  Drone  
  85  7:59  Roach x13  
  108  8:09  Roach x5  
  118  8:18  Roach  
  118  8:19  Roach x3  
  121  8:22  Drone  
  122  8:30  Overlord  
  122  8:31  Overseer  
  122  8:41  Hatchery, Overlord  
  122  8:42  Overlord x2  
  88  9:17  Roach x3  
  88  9:18  Roach x11  
  102  9:29  Zergling x2  
  102  9:30  Zergling x6  
  104  9:36  Roach x2  
  108  9:49  Drone x3  
  111  9:58  Zergling x8  
  115  10:02  Queen x4  
  115  10:05  Zergling x4  
  125  10:29  Zergling x20  
  132  10:38  Zergling x4  
Show
View Real Time Build Order
Export as new Build Order

redbusman Terran 

Build Orders:  

Get SALT Encoding   

  12  0:01  SCV  
  13  0:13  SCV  
  14  0:18  Supply Depot  
  14  0:25  SCV  
  15  0:40  SCV  
  15  0:41  Barracks  
  16  0:52  SCV  
  16  0:54  Refinery  
  18  1:04  SCV  
  18  1:13  Supply Depot  
  18  1:28  Marine  
  19  1:34  Command Center  
  19  1:42  Orbital Command  
  19  1:52  Marine  
  20  2:07  Refinery  
  20  2:10  Marine  
  20  2:13  Factory  
  21  2:20  SCV  
  22  2:32  SCV  
  23  2:44  SCV  
  24  3:06  Orbital Command  
  24  3:14  Factory Tech Lab  
  24  3:20  Supply Depot  
  24  3:23  Marine  
  25  3:41  Marine, SCV  
  26  3:42  Bunker  
  26  3:45  SCV  
  28  3:53  SCV  
  28  3:55  Barracks  
  29  3:56  Barracks  
  29  3:57  SCV  
  29  3:58  Marine  
  31  4:05  SCV  
  31  4:08  Starport  
  31  4:09  SCV  
  33  4:16  Marine  
  34  4:17  SCV  
  34  4:21  SCV  
  36  4:29  SCV  
  37  4:32  Supply Depot  
  37  4:33  Supply Depot, SCV  
  37  4:34  Marine  
  37  4:36  Supply Depot  
  39  4:42  SCV  
  40  4:47  Barracks Tech Lab  
  40  4:54  SCV  
  40  4:57  Medivac  
  43  5:06  SCV  
  44  5:18  SCV  
  44  5:19  Refinery  
  45  5:27  Engineering Bay  
  45  5:29  Combat Shield  
  45  5:31  Stimpack  
  45  6:03  Factory Tech Lab  
  45  6:07  Marine x3  
  48  6:11  Terran Infantry Weapons Level 1  
  48  6:15  Missile Turret  
  48  6:19  Missile Turret  
  48  6:25  Marine x3, Missile Turret  
  50  6:30  Medivac  
  53  6:34  Siege Tank  
  56  6:43  Marine x3  
  56  6:45  SCV  
  60  6:48  SCV  
  61  6:54  Refinery  
  61  6:57  SCV  
  61  6:59  Engineering Bay  
  61  7:00  Marine, SCV, Medivac  
  61  7:01  Marine x2  
  68  7:09  SCV  
  68  7:12  Siege Tank, SCV  
  73  7:18  Marine x2  
  73  7:21  SCV  
  76  7:23  Missile Turret x3  
  76  7:24  SCV  
  77  7:32  Terran Infantry Armor Level 1  
  77  7:33  SCV  
  77  7:36  Supply Depot  
  77  7:37  Supply Depot x2, Medivac  
  78  7:40  SCV  
  69  7:58  Marine x3  
  63  8:06  Bunker  
  63  8:07  Medivac  
  64  8:16  Marine x3  
  67  8:25  Supply Depot  
  67  8:33  Siege Tank  
  67  8:34  Marine x3  
  70  8:36  Medivac  
  75  8:51  Marine  
  75  8:52  Marine x2  
  75  9:09  Marine x2  
  69  9:10  Marine  
  63  9:27  Marine x3  
  63  9:37  Command Center  
  60  9:45  Marine x3  
  62  9:54  Siege Tank  
  65  10:03  Marine x3  
  65  10:21  Marine x3  
  60  10:38  Siege Tank, Marine x2  
  60  10:39  Marine  
  46  10:56  Marine x3  
Tags
 
League
Silver
Matchup
TvZ
Spawn Locations
Cross Positions
Add a new tag
Caveats
  • Supply blocks, unpowered buildings, or Contaminate may cause inaccurate times.
  • Supply counts are checked every 10 seconds.